 BcadrenCrawl: Boulder Brew version 0.06-688-g08e91b2d95 (webtiles) character file.

Game seed: 11967588815557801890

649 pipel the Magician (level 7, 0/5 HPs) Fairy Fire Elementalist. Began on Dec 24, 2022. Slain by a sewer rat (1 damage) ... on level 2 of the Dungeon. The game lasted 00:10:35 (1489 turns).

pipel the Magician (Fairy Fire Elementalist)        Turns: 1489, Time: 00:10:35

Health: 0/5        AC:  0    Str:  2    XL:     7 ^: 498
Magic:  1/3        EV: 21    Int: 20    God:
Gold:   61         SH:  0    Dex: 17    Spells: 7/19 levels left

rFire    . . .     Slash    +   g - ring of wizardry
rCold    . . .     Pierce   +
rNeg     . . .     Bludgeon +
rCorr    . . .     Vision   .
rPois    .         Gourm    .
rElec    .         Faith    .
MR       +....     Spirit   .
HPRegen  0.11/turn Reflect  .
MPRegen  0.13/turn Harm     .
Stlth    +.........

@: glowing, slow
A: tiny, no armour or weapons, only one jewelry slot, no melee attacks, fairy
magic, fairy shield, decreased potion and divine healing, unfitting armour,
flight, slowness 1, fairy light 1, insubstantial
a: Fly


You were on level 2 of the Dungeon.
You were hungry.

You visited 1 branch of the dungeon, and saw 2 of its levels.

You collected 61 gold pieces.

Inventory:

Jewellery
 c - a cursed ring of ice {(Curse: MR-)}
 e - an uncursed ring of evasion
 f - an uncursed amulet of the acrobat
 g - a ring of wizardry (around core)
Scrolls
 a - a scroll of bless item
 i - a scroll of enchantment
 j - a scroll of magic mapping
 k - a scroll of summoning
Potions
 h - a potion of agility
Comestibles
 b - 3 rations
 l - 9 chunks of flesh


   Skills:
 + Level 3.4 Dodging
 + Level 2.0 Stealth
 + Level 6.7 Spellcasting
 + Level 6.2 Fire Magic
 + Level 0.1 Poison Magic


You had 7 spell levels left.
You knew the following spells:

 Your Spells              Type           Power        Failure   Level  Hunger
a - Foxfire               Fire           25 (25)      1%          1    0
b - Searing Ray           Fire           31 (50)      1%          2    0
c - Sticky Flame Fire/Pois 19 (100) 11% 4 65-165 d - Fireball Fire           31 (200)     9%          5    185-345

Your spell library contained the following spells:

 Spells                   Type           Power        Failure   Level  Hunger
 Conjure Flame Fire 31 (100) 1% 3 0-45 Inner Flame Hex/Fire       19 (100)     3%          3    0-45


Dungeon Overview and Level Annotations

Branches:
Dungeon (2/8)

Altars:


Innate Abilities, Weirdness & Mutations

You are too small to use any gear.
You can wear a single ring or amulet completely around your body.
You are incapable of melee of any kind.
Your magic reserves are extremely low but spells that normally cost one mana are free and all other spells cost one mana.
You are extremely frail but all attacks that strike you do exactly one damage.
The effect of potions and godly healing effects is reduced to match your tiny health and magic reserves.
You are able to fly continuously.
You cover ground slowly.
You exude a bright light in a small radius around yourself.
Your insubstantial form grants resistance to all physical attack and full immunity to sticky flames, nets and constriction. (rPhysical+)


Message History

Confirm with . or Enter, or press ? or * to list all spells.
Aiming: Searing Ray (safe; 1% risk of failure)
Press: ? - help, Shift-Dir - straight line, f - sewer rat, p - water moccasin
Aim: a sewer rat (85%, 85% to-hit, healthy (10/10), 50% (Melee))
The searing ray hits the water moccasin (7)!
You kill the water moccasin!
Your Stealth skill increases to level 2!
Your Fire Magic skill increases to level 6! (Press . to maintain the ray.)
The searing ray misses the sewer rat.
The searing ray hits the sewer rat (8)!
The sewer rat is almost dead. (2/10) HP The searing ray hits the sewer rat (7)!
You kill the sewer rat!
The searing ray hits the sewer rat (10)!
The sewer rat is almost dead. (2/12) HP You finish channeling your searing ray.
A sewer rat comes into view.
The sewer rat bites you (3).
You die...

#<≈≈≈# ##÷.###
##..≈# #.≈†####.. .
##.÷†).≈.... .≈≈
###...........
.≈≈≈.#.#...........
≈≈≈≈..≈.≈..........
≈≈≈≈.###@..........
.≈≈ #r.#.......≈ .
<≈≈##...≈### .####
≈≈### #. .≈# r # ≈#
≈.


You could see 2 sewer rats.

Vanquished Creatures
  3 water moccasins (D:2)
  A jelly (D:2)
  7 giant cockroaches
  An adder (D:2)
  13 sewer rats
  A worm (D:2)
  5 cinder newts (D:2)
  3 oozes
  A leopard gecko (D:2)
  2 adder skeletons (D:2)
  A cinder newt skeleton (D:2)
  2 goblins (D:1)
  4 hobgoblins (D:1)
  6 kobolds (D:1)
  2 ball pythons (D:1)
  4 bats (D:1)
  A kobold skeleton (D:2)
  An orc skeleton (D:2)
  5 rats
  3 withered plants (D:2)
66 creatures vanquished.

Vanquished Creatures (others)
  A jelly (D:2)
  A bullfrog (D:2)
  A leopard gecko (D:2)
  A bat skeleton (D:2)
  A goblin skeleton (D:2)
  A rat skeleton (D:2)
  61 foxfires
  A giant blowfly (D:2)
  A slimehead (D:2)
  69 withered plants (D:2)
138 creatures vanquished.

Grand Total: 204 creatures vanquished

Notes
Turn   | Place    | Note
-------+----------+-------------------------------------------
     0 | D:1      | pipel the Fairy Fire Elementalist began the quest for the
                  | Orb.
     0 | D:1      | Reached XP level 1. HP: 3/3 MP: 3/3
   203 | D:1      | Reached XP level 2. HP: 3/3 MP: 3/3
   216 | D:1      | Learned a level 2 spell: Searing Ray
   307 | D:1      | Reached XP level 3. HP: 4/4 MP: 1/3
   387 | D:1      | Learned a level 4 spell: Sticky Flame
   550 | D:1      | Reached XP level 4. HP: 4/4 MP: 3/3
   942 | D:2      | Learned a level 5 spell: Fireball
   963 | D:2      | Noticed a water moccasin
   966 | D:2      | Killed a water moccasin
   966 | D:2      | Reached skill level 5 in Spellcasting
   966 | D:2      | Reached XP level 5. HP: 4/4 MP: 0/3
  1003 | D:2      | Reached skill level 5 in Fire Magic
  1003 | D:2      | Noticed a water moccasin
  1007 | D:2      | Killed a water moccasin
  1007 | D:2      | Reached XP level 6. HP: 4/5 MP: 0/3
  1419 | D:2      | Reached XP level 7. HP: 2/5 MP: 1/3
  1489 | D:2      | Slain by a sewer rat

Illustrated notes

Levels and vault maps discovered:
D:1:      mushboom_english_gardens, layout_loops_corners, portal_sewer_entry_a
D:2:      layout_sewer, first_ration

Skill      XL: |  1  2  3  4  5  6  7 |
---------------+----------------------+-----
Dodging        | 3 |  3.4
Spellcasting   | 3 5 6 |  6.7
Fire Magic     | 4 5 6 |  6.2
Stealth        | 2 |  2.0
Poison Magic   | |  0.1

Action                   |  1- 3 |  4- 6 |  7- 9 || total
-------------------------+-------+-------+-------++-------
 Cast: Foxfire           |    32 |    21 |     1 ||    54
       Searing Ray       |    12 |    18 |     6 ||    36
       Fireball          |       |     6 |       ||     6
       Sticky Flame      |       |     2 |     1 ||     3
  Use: Scroll            |       |     1 |       ||     1
       Potion            |       |       |     1 ||     1
  Eat: Chunk             |       |     5 |       ||     5
Dodge: Dodged            |     4 |    18 |     6 ||    28
